 Dungeon Crawl Stone Soup version bcrawl-1.39.1 (webtiles) character file.

Game seed: 10617678895867177980

21375612 Grijm the Hoplite (level 25, 213/213 HPs)
             Began as a Grey Draconian Hunter on Sept 19, 2023.
             Was the Champion of the Shining One.
             Escaped with the Orb
             ... and 4 runes!
             The game lasted 03:12:44 (52132 turns).

Grijm the Hoplite (Grey Draconian Hunter)          Turns: 52132, Time: 03:12:45

Health: 213/213    AC: 22    Str: 28    XL:     25   Next: 11%
Magic:  34/34      EV: 13    Int: 20    God:    the Shining One [******]
Gold:   5305       SH: 37    Dex: 13    Spells: 24/24 levels left

rFire    + + .     GDR:     25% a - +9 broad axe (elec)
rCold    + + .     SeeInvis +   p - +8 large shield
rNeg     + + +     Gourm    .   (armour unavailable)
rPois    +         Faith    .   T - -2 hat of the Alchemist {rElec rPois rF+ rC+ rN+ MR+ rMut rCorr}
rElec    +         Spirit   .   o - +1 cloak of Jiraicip {rN+ rCorr Str+4 Int+4}
rCorr    +         Reflect  +   y - +1 pair of gauntlets of War {Slay+6}
rMut     +                      u - +2 pair of boots {run}
MR       +++..                  B - +3 amulet of reflection
Stlth    +.........             P - ring "Mouf Pyr" {rF+ rC+ Int+3 SInv}
HPRegen  0.45/turn              C - ring of protection from magic
MPRegen  0.24/turn

@: glowing, studying 3 skills, quick
A: walk through water, unfitting armour, unbreathing, cold-blooded, AC +17
0: Orb of Zot
}: 4/15 runes: serpentine, slimy, silver, gossamer
a: Divine Shield, Cleansing Flame, Summon Divine Warrior, Renounce Religion


You escaped.
You worshipped the Shining One.
The Shining One was exalted by your worship.
You were full.

You visited 12 branches of the dungeon, and saw 49 of its levels.
You visited the Abyss 1 time.
You visited 1 bazaar.
You also visited: Wizlab.

You collected 7842 gold pieces.
You spent 2537 gold pieces at shops.

Inventory:

Hand Weapons
 a - a +9 broad axe of electrocution (weapon)
Missiles
 c - 3 throwing nets {=f}
 h - 955 tomahawks of dispersal {=f}
 m - 1335 exploding tomahawks
 A - 5226 poisoned tomahawks (quivered)
 D - 2333 steel javelins
 F - 1765 javelins of penetration {=f}
 R - 7965 javelins
Armour
 o - the +1 cloak of Jiraicip (worn) {rN+ rCorr Str+4 Int+4}
   (You found it on level 6 of the Lair of Beasts)

   It affects your strength (+4).
   It affects your intelligence (+4).
   It protects you from negative energy.
   It provides partial protection from all sources of acid and corrosion.
 p - a +8 large shield (worn)
 u - a +2 pair of boots of running (worn)
 y - the +1 pair of gauntlets of War (worn) {Slay+6}
   (You acquired it on level 2 of the Spider Nest)

   It affects your accuracy and damage with ranged weapons and melee attacks
   (+6).
 T - the -2 hat of the Alchemist (worn) {rElec rPois rF+ rC+ rN+ MR+ rMut rCorr}
   (You found it in a wizard's laboratory)

   It protects you from fire.
   It protects you from cold.
   It insulates you from electricity.
   It protects you from poison.
   It protects you from negative energy.
   It affects your resistance to hostile enchantments.
   It provides partial protection from all sources of acid and corrosion.
   It protects you from mutation.
Jewellery
 B - a +3 amulet of reflection (around neck)
 C - a ring of protection from magic (right hand)
 O - the ring "Dilolich" {rPois rC+ Str-2 Dex+9}
   (You found it on level 3 of the Vaults)

   [ring of protection from cold]

   It affects your strength (-2).
   It affects your dexterity (+9).
   It protects you from cold.
   It protects you from poison.
 P - the ring "Mouf Pyr" (left hand) {rF+ rC+ Int+3 SInv}
   (You acquired it on level 2 of the Spider Nest)

   [ring of protection from fire]

   It affects your intelligence (+3).
   It protects you from fire.
   It protects you from cold.
   It lets you see invisible.
Wands
 J - a wand of clouds (14)
 M - a wand of acid (15)
 U - a wand of scattershot (4)
 V - a wand of iceblast (56)
 Z - a wand of digging (7)
Scrolls
 k - 8 scrolls of fog
 l - 3 scrolls of blinking
 n - 7 scrolls of fear
 q - 2 scrolls of vulnerability
 r - 13 scrolls of teleportation
 w - 3 scrolls of revelation
 z - 5 scrolls of immolation
 Q - 5 scrolls of noise
 X - 8 scrolls of summoning
Potions
 g - 2 potions of cancellation
 j - 4 potions of brilliance
 t - 7 potions of haste
 x - 31 potions of mutation
 E - 5 potions of magic
 G - 6 potions of heal wounds
 H - a potion of resistance
 I - a potion of agility
 K - 8 potions of might
 L - 11 potions of flight
 S - 2 potions of curing
 W - 5 potions of lignification
Miscellaneous
 b - 6 phantom mirrors
 d - a lightning rod (4/4)
 f - a lamp of fire
 s - a phial of floods
 v - a sack of spiders
 N - 4 boxes of beasts
 Y - a fan of gales (1/2)
Comestibles
 e - 46 rations {!d}


   Skills:
 - Level 15.0 Fighting
 - Level 17.1(18.0) Axes
 - Level 10.0(14.6) Maces & Flails
 + Level 18.4 Throwing
 - Level 10.0 Dodging
 - Level 1.0 Stealth
 - Level 24.0 Shields
 - Level 15.0 Invocations
 - Level 15.0 Evocations


You had 24 spell levels left.
You didn't know any spells.
Your spell library contained the following spells:

 Spells                   Type           Power        Failure   Level  Hunger
 Throw Frost              Conj/Ice       #.....       80%         2    ####...
 Flame Tongue             Conj/Fire      #....        95%         1    None
 Freeze                   Ice            #.....       95%         1    None
 Infusion                 Chrm           #.......     95%         1    None
 Magic Dart               Conj           #...         95%         1    None
 Necrotize                Necr           #.....       95%         1    None
 Sandblast                Erth           #.....       95%         1    None
 Slow                     Hex            #.......     95%         1    None
 Static Discharge         Air            #.....       95%         1    None
 Blink                    Tloc           N/A          98%         2    ####...
 Call Imp                 Summ           #.....       98%         2    ####...
 Ensorcelled Hibernation  Hex/Ice        #.....       98%         2    ####...
 Flaming Arrows           Chrm/Fire      #.......     98%         2    ####...
 Passwall                 Tmut/Erth      #.......     98%         2    ####...
 Poisonous Vapours        Pois/Air       #.....       98%         2    ####...
 Searing Ray              Conj           #.......     98%         2    ####...
 Shock                    Conj/Air       #......      98%         2    ####...
 Song of Slaying          Chrm           #.......     98%         2    ####...
 Swiftness                Chrm/Air       #.......     98%         2    ####...
 Beckoning                Tloc           #.........   100%        3    #####..
 Call Canine Familiar     Summ           #.......     100%        3    #####..
 Confuse                  Hex            #.......     100%        3    #####..
 Conjure Flame            Conj/Fire      #.......     100%        3    #####..
 Dazzling Orbs            Conj/Hex       #......      100%        3    #####..
 Inner Flame              Hex/Fire       N/A          100%        3    #####..
 Iskenderun's Mystic Bla  Conj           #.......     100%        3    #####..
 Mephitic Cloud           Conj/Pois/Air  #.......     100%        3    #####..
 Ozocubu's Armour         Chrm/Ice       #.......     100%        3    #####..
 Regeneration             Chrm/Necr      #.........   100%        3    #####..
 Spectral Weapon          Hex/Chrm       #.......     100%        3    #####..
 Spider Form              Tmut/Pois      #..          100%        3    #####..
 Stone Arrow              Conj/Erth      #.....       100%        3    #####..
 Tukima's Dance           Hex            #.......     100%        3    #####..
 Vampiric Draining        Necr           #.........   100%        3    #####..
 Agony                    Necr           #.......     100%        4    ######.
 Airstrike                Air            #.........   100%        4    ######.
 Animate Dead             Necr           N/A          100%        4    ######.
 Cause Fear               Hex            #.........   100%        4    ######.
 Fulminant Prism          Conj/Hex       #.........   100%        4    ######.
 Ice Form                 Ice/Tmut       #.......     100%        4    ######.
 Lightning Bolt           Conj/Air       #.......     100%        4    ######.
 Petrify                  Tmut/Erth      #.........   100%        4    ######.
 Sticky Flame             Conj/Fire      #.......     100%        4    ######.
 Summon Ice Beast         Ice/Summ       #.......     100%        4    ######.
 Throw Icicle             Conj/Ice       #.......     100%        4    ######.
 Tree Form                Hex/Tmut       N/A          100%        4    ######.
 Yara's Violent Unravell  Hex/Tmut       #.........   100%        4    ######.
 Blade Hands              Tmut           #.........   100%        5    #######
 Bolt of Draining         Conj/Necr      #.........   100%        5    #######
 Bolt of Magma            Conj/Fire/Erth #.........   100%        5    #######
 Dispel Undead            Necr           #.......     100%        5    #######
 Fireball                 Conj/Fire      #.........   100%        5    #######
 Freezing Cloud           Ice/Air        #.......     100%        5    #######
 Irradiate                Conj/Tmut      #.........   100%        5    #######
 Iskenderun's Battlesphe  Conj/Chrm      #.......     100%        5    #######
 Lee's Rapid Deconstruct  Erth           #.........   100%        5    #######
 Piercing Shot            Chrm           #.........   100%        5    #######
 Silence                  Hex/Air        #.........   100%        5    #######
 Steam Barrier            Chrm/Fire      #.........   100%        5    #######
 Summon Forest            Summ/Tloc      #.........   100%        5    #######
 Summon Lightning Spire   Summ/Air       #.......     100%        5    #######
 Summon Mana Viper        Hex/Summ       #.......     100%        5    #######
 Bolt of Cold             Conj/Ice       #.........   100%        6    #######
 Bolt of Fire             Conj/Fire      #.........   100%        6    #######
 Borgnjor's Vile Clutch   Necr/Erth      #.........   100%        6    #######
 Conjure Ball Lightning   Conj/Air       #.........   100%        6    #######
 Deflect Missiles         Chrm/Air       #.........   100%        6    #######
 Iron Shot                Conj/Erth      #.........   100%        6    #######
 Poison Arrow             Conj/Pois      #.........   100%        6    #######
 Statue Form              Tmut/Erth      #........    100%        6    #######
 Summon Hydra             Summ           #.........   100%        6    #######
 Dragon Form              Tmut           #......      100%        7    #######
 Haunt                    Necr/Summ      #.........   100%        7    #######
 Icicle Burst             Conj/Ice       #.........   100%        7    #######
 Malign Gateway           Summ/Tloc      #.........   100%        7    #######
 Monstrous Menagerie      Summ           #.........   100%        7    #######
 Spellforged Servitor     Conj/Summ      #.........   100%        7    #######
 Summon Greater Demon     Summ           #.........   100%        7    #######
 Chain Lightning          Conj/Air       #.........   100%        8    #######
 Ignition                 Fire           #.........   100%        8    #######
 Necromutation            Tmut/Necr      #.......     100%        8    #######
 Summon Horrible Things   Summ           #.........   100%        8    #######
 Time Stop                Chrm/Tloc      N/A          100%        8    #######
 Tornado                  Tloc/Air       #.........   100%        8    #######
 Shatter                  Erth           #.........   100%        9    #######


Dungeon Overview and Level Annotations

Branches:
Dungeon (12/12)            Temple (1/1) D:6            Lair (6/6) D:8
  Snake (3/3) Lair:3       Spider (3/3) Lair:4        Slime (5/5) Orc
    Orc (1/1) D:11            Elf (3/3) Lair:5       Vaults (3/3) D:11
  Crypt (2/2) Vaults:2       Tomb (0/3) Crypt:2      Depths (5/5) D:12
    Zot (5/5) Depths:5

Altars:
Cheibriados
Dithmenos
Gozag
Hepliaklqana
Kikubaaqudgha
Lugonu
Makhleb
Okawaru
Qazlal
Ru
Sif Muna
Trog
Uskayaw
Wu Jian
Xom
Yredelemnul
The Shining One
Jiyva

Shops:
D:7 [   D:9 =   D:11 :   Orc :[*(   Snake:3 ***   Vaults:1 [

Portals:
Hell: Depths:4
Abyss: Lair:6* Depths:4
Ziggurat: Depths:2
Trove: Vaults:2 (give 5 scrolls of blinking)

Annotations:
Lair:5 3 runed translucent doors, Grijm's ghost, journeyman DrGl
Snake:3 3 runed translucent doors, exclusion: obsidian statue, yrara's ghost, adept DsFi
Elf:2 3 runed doors
Depths:3 1 runed translucent door, exclusion: obsidian statue


Innate Abilities, Weirdness & Mutations

You can walk through water.
Your dull iron-grey scales are very hard. (AC +17)
You cannot fit into any form of body armour.
You can survive without breathing.
You are cold-blooded and may be slowed by cold attacks.


Message History

Where to? (Enter - D:1 @ (x,y), ? - help)
There is an open door here.
There is an open door here.
There is a stone staircase leading up, spattered with blood here.
You climb upwards.
There is a stone staircase leading down here.
There is a stone staircase leading up here.
You climb upwards.
There is a stone staircase leading down here.
There is a stone staircase leading up here.
You climb upwards.
There is a stone staircase leading down here.
There is a stone staircase leading up here.
You climb upwards.
There is a stone staircase leading down here.
There is an open door here.
There is a staircase leading out of the dungeon here.
You don't know any spells.
Unknown command.
You have escaped!

#.###......####..##.# ###
#########.....#.##
################...#.##
#...........##.......##
#...........####...####
#....^......# #...# #
#...........# #...# # #####
####...........####...#### ....#
#..'.....@.....'..#.......
....####.##...........##^..#.####
.........##...........##.........
....#######...........######.####
....# #...........# #.# #.###
#...........# #.# #.#
############# #.# #.#
#############.# #.#
##.#...........#


There were no monsters in sight!

Vanquished Creatures
  the Royal Jelly (Slime:5)
  3 orbs of fire (Zot:5)
  5 ancient liches (Zot:5)
  A pandemonium lord (Zot:5)
  2 Killer Klowns (Zot:5)
  2 golden dragons
  A curse toe (Crypt:2)
  A rockslime (Zot:2)
  A mutant beast (WizLab)
  A profane servitor (Crypt:2)
  An Orb Demon (Zot:5)
  A bone dragon (Depths:5)
  A Shadow Fiend (Depths:5)
  An electric golem (Zot:1)
  5 tentacled monstrosities
  A lich (Vaults:1)
  20 Orb Guardians
  A wendigo (Depths:5)
  A quicksilver dragon (Zot:1)
  A deep elf master archer (Elf:3)
  8 ancient champions
  2 deep elf blademasters (Elf:3)
  2 sphinxes
  19 acid blobs
  2 death cobs
  5 storm dragons
  2 shadow dragons (Depths:5)
  2 tengu reavers (Vaults:3)
  19 azure jellies
  5 revenants
  3 frost giants (Vaults:3)
  3 nagarajas (Snake:3)
  A war gargoyle (Vaults:1)
  An iron golem (WizLab)
  3 fire giants
  6 deep elf sorcerers
  A draconian knight (Zot:5)
  Louise (Depths:4)
  4 emperor scorpions (Spider:3)
  4 ghost moths
  A draconian shifter (Zot:5)
  2 draconian annihilators
  2 curse skulls
  3 deep elf elementalists (Elf:3)
  12 vault wardens
  8 stone giants
  2 orc warlords
  An eye of devastation (Zot:5)
  A reaper (Vaults:2)
  12 ironheart preservers
  6 jiangshi
  4 vampire knights
  2 green draconians
  15 very ugly things
  2 white draconians (Zot:5)
  An entropy weaver (Spider:3)
  10 deep elf demonologists
  A purple draconian (Zot:5)
  3 black draconians
  6 dire elephants
  2 yellow draconians
  A spark wasp (Spider:2)
  6 deep elf annihilators (Elf:3)
  Snorg (D:10)
  A blizzard demon (D:7)
  8 deep elf death magi
  8 ettins
  Azrael (Orc)
  3 mummy priests (Crypt:2)
  2 fire dragons
  8 yaktaur captains
  3 deep elf high priests (Elf:3)
  9 vault guards
  4 ice dragons
  A hydra (Lair:1)
  Erolcha (D:10)
  9 naga warriors
  A rakshasa (Depths:2)
  6 shadow wraiths
  2 death knights
  A hydra (shapeshifter) (Snake:3)
  Psyche (D:11)
  9 great orbs of eyes
  The ghost of KristoblXynda the Carver, a novice DrMo of Okawaru (D:10)
  5 anacondas
  4 tengu warriors
  9 death oozes
  A great orb of eyes (shapeshifter) (Snake:3)
  A two-headed ogre (shapeshifter) (Snake:3)
  13 two-headed ogres
  6 ogre magi
  9 ancient automatons
  8 death yaks
  8 vampire magi
  3 deep troll shamans
  2 ironheart beastmasters
  2 deep troll earth magi
  5 naga sharpshooters
  15 dancing weapons
  4 thrashing horrors
  2 orc high priests (Orc)
  4 shock serpents
  A sea snake (shapeshifter) (Vaults:3)
  A spriggan berserker (Depths:4)
  4 sea snakes (Snake:3)
  2 soul eaters (Crypt:2)
  13 centaur warriors
  2 wretched stars (Abyss:1)
  3 deep elf knights
  10 deep trolls
  An iron troll (Depths:2)
  7 salamander mystics
  14 hell knights
  3 fire crabs (shapeshifter)
  A storm dragon zombie (Crypt:1)
  4 skeletal warriors (Crypt:2)
  A sixfirhy (Zot:5)
  4 naga ritualists
  5 flayed ghosts
  An unseen horror (shapeshifter) (WizLab)
  2 wolf spider zombies
  15 deep elf archers
  14 ironheart convokers
  A cyclops (shapeshifter) (WizLab)
  A glowing orange brain (Vaults:2)
  8 wizards
  2 phantasmal warriors
  7 necromancers
  4 cyclopes
  6 orc knights (Orc)
  An iron giant skeleton (Crypt:2)
  2 wolf spiders (shapeshifter) (Snake:3)
  23 wolf spiders
  A sphinx zombie (Depths:2)
  A toenail golem (D:12)
  2 orb spiders (shapeshifter)
  3 mana vipers
  33 ugly things
  8 shining eyes
  3 manticores (D:11)
  5 orb spiders
  7 orc sorcerers (Orc)
  A tengu skeleton (Vaults:2)
  A frost giant zombie (Crypt:2)
  52 deep elf magi
  A salamander (shapeshifter) (Vaults:1)
  A frost giant skeleton (Crypt:1)
  21 salamanders
  12 moths of wrath
  3 stone giant skeletons
  16 black mambas
  2 guardian serpents
  11 naga magi
  An alligator snapping turtle zombie (Crypt:1)
  13 elephants
  3 iron dragon skeletons
  A fire giant skeleton (Crypt:1)
  A guardian serpent (shapeshifter) (Vaults:1)
  A water nymph (shapeshifter) (Snake:3)
  A black mamba (shapeshifter) (WizLab)
  A human zombie (Vaults:2)
  12 vault sentinels
  5 smoke demons
  3 rime drakes
  A torpor snail (shapeshifter) (WizLab)
  A titan simulacrum (Crypt:1)
  15 cane toads
  A gargoyle (D:8)
  A hellion (Zot:3)
  22 jumping spiders
  3 yaktaurs (shapeshifter) (WizLab)
  2 rime drakes (shapeshifter) (WizLab)
  A tormentor (Abyss:1)
  2 eyes of draining
  9 demonic crawlers
  3 tengu conjurers
  9 freezing wraiths
  6 komodo dragons
  A komodo dragon (shapeshifter) (WizLab)
  13 yaktaurs
  2 eyes of draining (shapeshifter) (WizLab)
  16 guardian mummies (Crypt:2)
  A red devil (D:8)
  An ancient zyme (Lair:6)
  A hellwing (D:12)
  2 harpy zombies
  A polar bear (Lair:6)
  7 trolls
  3 meliai (shapeshifter) (WizLab)
  A hornet (shapeshifter) (D:12)
  4 harpy skeletons
  A merfolk (shapeshifter) (Vaults:3)
  132 slime creatures
  2 raiju
  8 hornets
  A dream sheep (shapeshifter) (WizLab)
  A raiju (shapeshifter) (D:12)
  A snapping turtle (shapeshifter) (Vaults:2)
  8 blink frogs (Lair:6)
  An ettin zombie (Crypt:1)
  6 hippogriffs
  A spriggan (Lair:6)
  A hippogriff (shapeshifter) (Vaults:3)
  4 air elementals
  2 vampires
  2 ettin skeletons
  12 large abominations
  2 shadows
  19 small abominations
  23 tarantellas
  10 basilisks
  2 yaks (shapeshifter)
  A spriggan skeleton (Depths:2)
  6 tarantellas (shapeshifter)
  2 ynoxinuls (Lair:6)
  9 wraiths
  A water elemental (Elf:2)
  An ushabti (Crypt:2)
  A basilisk (shapeshifter) (WizLab)
  6 wyverns
  24 yaks
  4 fire elementals
  2 humans (shapeshifter)
  23 golden eyes
  A steam dragon (Lair:2)
  2 chaos spawn (Lair:6)
  3 hungry ghosts
  2 golden eyes (shapeshifter)
  A hog (shapeshifter) (WizLab)
  36 redbacks
  A catoblepas simulacrum (Crypt:2)
  2 human simulacra
  A gelid demonspawn zombie (Crypt:1)
  27 nagas
  7 vampire mosquitoes
  A harpy simulacrum (Crypt:2)
  6 crocodiles
  9 wargs
  An acid dragon (D:12)
  6 water moccasins
  4 floating eyes (WizLab)
  3 hell hounds (Orc)
  3 soldier ants (D:9)
  7 porcupines
  2 cane toad skeletons
  3 ice beasts
  A manticore zombie (Crypt:2)
  A merfolk skeleton (Crypt:2)
  25 ogres
  22 orc warriors
  3 sky beasts
  A black bear (shapeshifter) (WizLab)
  A black bear (Lair:1)
  An ettin simulacrum (Vaults:2)
  7 phantoms
  A spriggan simulacrum (Depths:2)
  A necrophage (D:8)
  4 wolves (Lair:5)
  10 boggarts
  A hog skeleton (Crypt:1)
  10 bullfrogs
  An elf zombie (Crypt:2)
  9 kobold brigands
  An earth elemental (Elf:1)
  7 centaurs
  5 scorpions
  2 spriggan zombies
  A water moccasin skeleton (D:7)
  A howler monkey (D:6)
  3 wights (D:10)
  7 electric eels
  4 crimson imps
  10 orc priests
  A bullfrog zombie (D:6)
  A basilisk zombie (Crypt:1)
  2 bullfrog skeletons
  A quasit (D:6)
  6 hounds
  10 jellies
  21 orc wizards
  6 iguanas
  16 worker ants
  A killer bee zombie (D:7)
  A deep dwarf zombie (Crypt:2)
  8 ogre zombies (D:11)
  A hound zombie (D:6)
  A hound skeleton (D:4)
  A howler monkey zombie (D:8)
  3 howler monkey skeletons
  A worker ant zombie (D:6)
  10 gnolls
  12 adders
  A steam dragon skeleton (Crypt:2)
  3 shadow imps
  5 oozes
  An adder zombie (D:7)
  An adder skeleton (D:6)
  4 worms
  A barachi skeleton (Crypt:1)
  A dart slug (D:2)
  4 leopard geckos
  57 orcs
  A bat skeleton (Crypt:2)
  3 giant cockroaches
  15 hobgoblins
  9 jackals
  5 quokkas
  A ball python zombie (Crypt:1)
  3 bats
  9 frilled lizards
  2 goblins (D:2)
  2 goblin skeletons (D:11)
  6 goblin zombies (D:11)
  A hobgoblin skeleton (D:11)
  2 hobgoblin zombies (D:11)
  A jackal skeleton (D:4)
  47 kobolds
  A kobold zombie (Crypt:2)
  14 orc zombies (D:11)
  A quokka zombie (D:3)
  6 rats
  A lurking horror (Lair:6)
1844 creatures vanquished.

Vanquished Creatures (collateral kills)
  Bai Suzhen (Spider:2)
  Jorgrun (D:11)
  3 Orb Guardians (Zot:5)
  A purple draconian (Zot:5)
  A demonic crawler (Spider:2)
7 creatures vanquished.

Vanquished Creatures (others)
  A deep elf master archer (Elf:3)
  2 acid blobs (Slime:5)
  A storm dragon (Zot:5)
  A frost giant (Vaults:3)
  3 azure jellies (Slime:5)
  2 stone giants
  3 yaktaur captains
  A fire dragon (Vaults:2)
  23 vault guards (Vaults:3)
  3 death oozes (Slime:5)
  3 naga sharpshooters
  A sixfirhy (Depths:4)
  A centaur warrior (Vaults:3)
  4 deep elf archers
  A cyclops (D:10)
  An ironheart convoker (Vaults:2)
  A wolf spider (Spider:3)
  2 moths of wrath (Zot:5)
  A salamander (Snake:2)
  An orange demon (Abyss:1)
  4 yaktaurs (Vaults:2)
  A stone giant simulacrum (Vaults:3)
  2 small abominations (WizLab)
  An orc warrior (Orc)
  A jelly (Slime:3)
  An orc (D:9)
  A bush (Lair:6)
  60 fungi
  14 plants
  5 toadstools (D:5)
146 creatures vanquished.

Grand Total: 1997 creatures vanquished

Notes
Turn   | Place    | Note
-------+----------+-------------------------------------------
     0 | D:1      | Grijm the Draconian Hunter began the quest for the Orb.
     0 | D:1      | Reached XP level 1. HP: 17/17 MP: 1/1
   188 | D:1      | Reached XP level 2. HP: 21/25 MP: 2/2
   702 | D:1      | Reached XP level 3. HP: 28/30 MP: 3/3
  1617 | D:2      | Reached XP level 4. HP: 38/38 MP: 4/4
  2003 | D:3      | Reached skill level 5 in Throwing
  2003 | D:3      | Reached XP level 5. HP: 34/45 MP: 5/5
  2802 | D:3      | Reached XP level 6. HP: 24/51 MP: 6/6
  2994 | D:4      | Reached skill level 1 in Maces & Flails
  3249 | D:4      | Your scales start taking on a dull iron-grey colour.
  3249 | D:4      | Reached XP level 7. HP: 59/59 MP: 7/7
  3249 | D:4      | Gained mutation: You can survive without breathing. [Grey
                  | Draconian growth]
  3437 | D:4      | Got a glittering bone ring
  3508 | D:4      | Identified the ring of Enadiwy {Fire Int+2} (You found it
                  | on level 4 of the Dungeon)
  3778 | D:4      | Found a stormy altar of Qazlal.
  3847 | D:5      | Entered Level 5 of the Dungeon
  3884 | D:5      | Found an iron altar of Okawaru.
  3895 | D:5      | Reached skill level 1 in Evocations
  4419 | D:5      | Reached skill level 5 in Fighting
  4419 | D:5      | Reached XP level 8. HP: 67/68 MP: 9/9
  4469 | D:5      | Found a hazy altar of Hepliaklqana.
  4492 | D:5      | Got a crude hunting sling
  4493 | D:5      | Identified the cursed +3 hunting sling of the Glowing Viper
                  | {velocity, rC+} (You found it on level 5 of the Dungeon)
  4641 | D:5      | Found a sacrificial altar of Ru.
  5441 | D:6      | Found a staircase to the Ecumenical Temple.
  5450 | D:6      | Reached XP level 9. HP: 71/74 MP: 10/10
  5453 | Temple   | Entered the Ecumenical Temple
  5513 | Temple   | Became a worshipper of the Shining One
  5894 | D:6      | Reached skill level 10 in Maces & Flails
  5975 | D:6      | Reached skill level 1 in Shields
  6045 | D:6      | Reached * piety under the Shining One
  6067 | D:6      | Noticed a cyan ugly thing
  6148 | D:6      | Killed a cyan ugly thing
  6149 | D:6      | Reached skill level 2 in Shields
  6429 | D:6      | Reached skill level 3 in Shields
  6787 | D:7      | Found an ancient bone altar of Kikubaaqudgha.
  6847 | D:7      | Found Xade's Armour Shop.
  6856 | D:7      | Bought a +0 hat of see invisible for 176 gold pieces
  6856 | D:7      | Bought a +1 pair of gloves for 184 gold pieces
  6856 | D:7      | Bought a +0 cloak for 72 gold pieces
  6988 | D:7      | Reached skill level 4 in Shields
  7086 | D:7      | Reached XP level 10. HP: 81/81 MP: 11/11
  7543 | D:8      | Noticed a gargoyle
  7630 | D:8      | Killed a gargoyle
  7933 | D:8      | Reached skill level 5 in Shields
  7933 | D:8      | Reached skill level 1 in Invocations
  7979 | D:8      | Reached ** piety under the Shining One
  8039 | D:8      | Found a snail-covered altar of Cheibriados.
  8140 | D:8      | Noticed a white ugly thing
  8160 | D:8      | Killed a white ugly thing
  8161 | D:8      | Reached skill level 6 in Shields
  8200 | D:8      | Found a staircase to the Lair.
  8251 | Lair:1   | Entered Level 1 of the Lair of Beasts
  8251 | Lair:1   | Noticed a cane toad
  8265 | Lair:1   | Killed a cane toad
  8379 | Lair:1   | Noticed a cane toad
  8385 | Lair:1   | Noticed a cane toad
  8386 | Lair:1   | Killed a cane toad
  8387 | Lair:1   | Reached skill level 7 in Shields
  8387 | Lair:1   | Reached skill level 5 in Invocations
  8393 | Lair:1   | Killed a cane toad
  8461 | Lair:1   | Noticed a black mamba
  8480 | Lair:1   | Killed a black mamba
  8481 | Lair:1   | Reached skill level 8 in Shields
  8682 | Lair:1   | Reached skill level 1 in Axes
  8792 | Lair:1   | Found a basalt altar of Yredelemnul.
  9012 | Lair:1   | Reached XP level 11. HP: 76/88 MP: 14/14
  9037 | Lair:1   | Noticed a five-headed hydra
  9049 | Lair:1   | Killed a five-headed hydra
  9984 | Lair:2   | Reached skill level 5 in Axes
 11053 | Lair:3   | Found a staircase to the Snake Pit.
 11171 | Lair:3   | Noticed a death yak
 11171 | Lair:3   | Noticed a death yak
 11200 | Lair:3   | Killed a death yak
 11201 | Lair:3   | Reached XP level 12. HP: 70/105 MP: 15/15
 11201 | Lair:3   | Noticed a death yak
 11203 | Lair:3   | Noticed a death yak
 11205 | Lair:3   | Noticed a death yak
 11206 | Lair:3   | Noticed a death yak
 11215 | Lair:3   | Killed a death yak
 11220 | Lair:3   | Killed a death yak
 11221 | Lair:3   | Reached skill level 10 in Fighting
 11320 | Lair:2   | Killed a death yak
 12125 | Lair:4   | Reached skill level 5 in Dodging
 12258 | Lair:4   | Reached skill level 9 in Shields
 12615 | Lair:4   | Found a hole to the Spider Nest.
 13346 | Lair:5   | Found a runed translucent gate.
 13346 | Lair:5   | Found a runed translucent gate.
 13346 | Lair:5   | Found a runed translucent gate.
 13354 | Lair:5   | Noticed a 13-headed hydra
 13354 | Lair:5   | Noticed Grijm's ghost (journeyman DrGl)
 13354 | Lair:5   | Noticed a 12-headed hydra
 13363 | Lair:5   | Found a staircase to the Elven Halls.
 13489 | Lair:5   | Reached skill level 10 in Shields
 14322 | Lair:6   | Entered Level 6 of the Lair of Beasts
 14401 | Lair:6   | Noticed a death yak
 14420 | Lair:6   | Killed a death yak
 14421 | Lair:6   | Reached XP level 13. HP: 113/113 MP: 16/16
 14480 | Lair:6   | Got a glimmering morningstar
 14482 | Lair:6   | Identified the +8 morningstar of the Smoking Penguin
                  | {flame, rC- Str+6 SInv} (You found it on level 6 of the
                  | Lair of Beasts)
 14583 | Lair:6   | Reached *** piety under the Shining One
 14773 | Lair:6   | Reached skill level 11 in Shields
 14947 | Lair:6   | Found a corrupted altar of Lugonu.
 14947 | Lair:6   | Found a one-way gate to the infinite horrors of the Abyss.
 15023 | Lair:6   | Reached **** piety under the Shining One
 15058 | Lair:6   | Got a buzzing cloak
 15071 | Lair:6   | Identified the +1 cloak of Jiraicip {rN+ rCorr Str+4 Int+4}
                  | (You found it on level 6 of the Lair of Beasts)
 15263 | Lair:6   | Reached skill level 12 in Shields
 15404 | Lair:6   | Found a corrupted altar of Lugonu.
 16223 | D:9      | Found a viscous altar of Jiyva.
 16421 | D:9      | Found Lero's Jewellery Boutique.
 16590 | D:9      | Reached skill level 10 in Dodging
 17014 | D:10     | Entered Level 10 of the Dungeon
 17299 | D:10     | Noticed Erolcha
 17301 | D:10     | Killed Erolcha
 17492 | D:10     | Noticed Snorg
 17508 | D:10     | Killed Snorg
 17509 | D:10     | Reached XP level 14. HP: 75/121 MP: 17/17
 17643 | D:10     | Found a runed translucent gate.
 17644 | D:10     | Found a runed translucent gate.
 17644 | D:10     | Found a runed translucent gate.
 17933 | D:10     | Reached ***** piety under the Shining One
 17950 | D:10     | Received a gift from the Shining One
 18117 | D:10     | Noticed KristoblXynda's ghost (novice DrMo)
 18148 | D:10     | Killed KristoblXynda's ghost
 18158 | D:10     | Got an iridescent glaive
 18209 | D:11     | Noticed Psyche
 18211 | D:11     | Killed Psyche
 18224 | D:11     | Reached skill level 13 in Shields
 18297 | D:11     | Found a gate to the Vaults.
 18514 | D:11     | Received a gift from the Shining One
 18524 | D:11     | Reached skill level 10 in Axes
 19105 | D:11     | Found a staircase to the Orcish Mines.
 19108 | D:11     | Noticed Jorgrun
 19158 | D:11     | Got a slimy cloak
 19178 | D:10     | Identified the cursed +0 cloak "Seloiffyar" {Str+6 Dex-4}
                  | (You found it on level 11 of the Dungeon)
 19217 | D:11     | Received a gift from the Shining One
 19254 | Orc      | Entered the Orcish Mines
 19353 | Orc      | Reached ****** piety under the Shining One
 19353 | Orc      | Received a gift from the Shining One
 19367 | Orc      | Reached skill level 14 in Shields
 20220 | Orc      | Noticed Azrael
 20234 | Orc      | Killed Azrael
 20557 | Orc      | Noticed an orc warlord
 20572 | Orc      | Killed an orc warlord
 20888 | Orc      | Found a roughly hewn altar of Beogh.
 20901 | Orc      | Found Mepnoud's Antique Weapon Shoppe.
 20909 | Orc      | Found Kism's General Store.
 20945 | Orc      | Found a staircase to the Slime Pits.
 20957 | Orc      | Found Ralyirru's Antique Armour Shoppe.
 21028 | Orc      | Found a viscous altar of Jiyva.
 21168 | Orc      | Found Dashroqya's Book Shoppe.
 21253 | Orc      | Bought a scroll of fog for 24 gold pieces
 21253 | Orc      | Bought a scroll of enchant armour for 90 gold pieces
 21253 | Orc      | Bought a potion of agility for 48 gold pieces
 21389 | D:11     | Found Odghoveb's Book Shop.
 21545 | D:10     | Identified a +5 broad axe of holy wrath (a +3 broad axe
                  | blessed by the Shining One)
 21545 | D:10     | Received a gift from the Shining One
 21562 | D:11     | Found a shimmering blue altar of Sif Muna.
 21645 | D:11     | Killed Jorgrun
 21723 | D:12     | Entered Level 12 of the Dungeon
 21734 | D:12     | Reached XP level 15. HP: 126/126 MP: 18/18
 21893 | D:12     | Received a gift from the Shining One
 22152 | D:12     | HP: 6/126 [very large slime creature (48)]
 22856 | D:12     | Found a sacrificial altar of Ru.
 23219 | D:12     | Found a staircase to the Depths.
 23422 | Spider:1 | Entered Level 1 of the Spider Nest
 23430 | Spider:1 | Reached skill level 15 in Shields
 23508 | Spider:1 | Received a gift from the Shining One
 24027 | Spider:2 | Noticed Bai Suzhen
 24040 | Spider:2 | Killed Bai Suzhen
 24394 | Spider:2 | Identified 3 scrolls of acquirement
 24395 | Spider:2 | Identified the +1 pair of gloves of Distant Shores {-Cast
                  | rF+ Int+3} (You acquired it on level 2 of the Spider Nest)
 24395 | Spider:2 | Identified the ring "Mouf Pyr" {rF+ rC+ Int+3 SInv} (You
                  | acquired it on level 2 of the Spider Nest)
 24402 | Spider:2 | Identified the ring "Guyx" {rF+ rN+} (You acquired it on
                  | level 2 of the Spider Nest)
 24404 | Spider:2 | Identified the +2 executioner's axe of Animal Spirits
                  | {speed, Str+4} (You acquired it on level 2 of the Spider
                  | Nest)
 24405 | Spider:2 | Found the +1 pair of gauntlets of War {Slay+6}
 25194 | Spider:3 | Entered Level 3 of the Spider Nest
 25259 | Spider:3 | Received a gift from the Shining One
 25955 | Spider:3 | Received a gift from the Shining One
 25964 | Spider:3 | Noticed a ghost moth
 25969 | Spider:3 | Reached XP level 16. HP: 134/134 MP: 1/22
 26153 | Spider:3 | Reached skill level 16 in Shields
 26442 | Spider:3 | Reached skill level 10 in Invocations
 26987 | Spider:3 | Got a gossamer rune of Zot
 27192 | Snake:1  | Entered Level 1 of the Snake Pit
 27827 | Snake:1  | Identified the ring "Zuodute" {Str+6 Int+3}
 28227 | Snake:2  | Reached skill level 15 in Axes
 28424 | Snake:2  | Received a gift from the Shining One
 29083 | Snake:2  | Reached skill level 10 in Throwing
 29144 | Snake:3  | Entered Level 3 of the Snake Pit
 29147 | Snake:3  | Reached XP level 17. HP: 140/140 MP: 24/24
 29639 | Snake:3  | Found Iwarphel's General Store.
 29647 | Snake:3  | Bought a potion of heal wounds for 75 gold pieces
 29647 | Snake:3  | Bought a scroll of teleportation for 45 gold pieces
 29647 | Snake:3  | Bought a scroll of blinking for 112 gold pieces
 29710 | Snake:3  | Found a shimmering altar of Xom.
 29711 | Snake:3  | Found a shimmering altar of Xom.
 29795 | Snake:3  | Found a shimmering altar of Xom.
 29795 | Snake:3  | Found a shimmering altar of Xom.
 29796 | Snake:3  | Found a shimmering altar of Xom.
 30210 | Snake:3  | Found a shimmering altar of Xom.
 30216 | Snake:3  | Found a shimmering altar of Xom.
 30217 | Snake:3  | Got a serpentine rune of Zot
 30334 | Snake:3  | Received a gift from the Shining One
 30706 | Snake:3  | Found an iron altar of Okawaru.
 30765 | Snake:3  | Found a runed translucent gate.
 30765 | Snake:3  | Found a runed translucent gate.
 30765 | Snake:3  | Found a runed translucent gate.
 30839 | Snake:3  | Found an opulent altar of Gozag.
 30839 | Snake:3  | Noticed yrara's ghost (adept DsFi)
 30840 | Snake:3  | Found Uteonue's Assorted Antiques.
 30841 | Snake:3  | Found Conum's Assorted Antiques.
 31345 | Vaults:1 | Entered Level 1 of the Vaults
 31366 | Vaults:1 | Found Tusiofar's Armour Emporium.
 31370 | Vaults:1 | Bought a +1 pair of boots of running for 730 gold pieces
 31482 | Vaults:1 | Noticed a lich
 31487 | Vaults:1 | Cast into level 1 of the Abyss (a lich)
 31705 | Abyss:1  | Received a gift from the Shining One
 31846 | Abyss:1  | Received a gift from the Shining One
 31867 | Vaults:1 | Escaped the Abyss
 32088 | Vaults:1 | Reached XP level 18. HP: 140/149 MP: 25/25
 32208 | Vaults:1 | Received a gift from the Shining One
 32708 | Vaults:1 | Reached skill level 5 in Evocations
 32831 | Vaults:1 | Killed a lich
 33494 | Vaults:2 | Received a gift from the Shining One
 33502 | Vaults:2 | Noticed a Brimstone Fiend
 33685 | Vaults:2 | Received a gift from the Shining One
 34027 | Vaults:2 | Found a staircase to the Crypt.
 34038 | Vaults:2 | Received a gift from the Shining One
 34076 | Vaults:2 | Reached XP level 19. HP: 101/162 MP: 24/26
 34176 | Vaults:2 | Received a gift from the Shining One
 34283 | Vaults:2 | Found a flickering gateway to a bazaar.
 34299 | Bazaar   | Entered a bazaar
 34308 | Bazaar   | Found Hoafish's Gadget Shop.
 34340 | Bazaar   | Found Ejiaxzumn's Book Shop.
 34362 | Bazaar   | Bought a wand of iceblast (9) for 135 gold pieces
 34362 | Bazaar   | Bought a wand of iceblast (11) for 162 gold pieces
 34362 | Bazaar   | Bought a phantom mirror for 180 gold pieces
 34362 | Bazaar   | Bought a wand of iceblast (3) for 54 gold pieces
 34362 | Bazaar   | Bought a phantom mirror for 180 gold pieces
 34362 | Bazaar   | Bought a fan of gales (2/2) for 270 gold pieces
 34706 | Vaults:2 | Found a portal to a secret trove of treasure.
 34734 | Vaults:2 | Received a gift from the Shining One
 35473 | Crypt:1  | Entered Level 1 of the Crypt
 35510 | Crypt:1  | Received a gift from the Shining One
 35661 | Crypt:1  | Received a gift from the Shining One
 35795 | Crypt:1  | Received a gift from the Shining One
 35885 | Crypt:1  | Received a gift from the Shining One
 36228 | Crypt:2  | Entered Level 2 of the Crypt
 36474 | Crypt:2  | Identified the +4 battleaxe "Xoybaklia" {flame, rPois rC+}
 36545 | Crypt:2  | Reached skill level 10 in Evocations
 36650 | Crypt:2  | Noticed a profane servitor
 37150 | Crypt:2  | Identified the amulet "Dud Diar" {Regen *Corrode rElec
                  | rPois rF+}
 37212 | Crypt:2  | Reached XP level 20. HP: 175/175 MP: 28/28
 37255 | Crypt:2  | Found a staircase to the Tomb.
 37326 | Crypt:2  | Received a gift from the Shining One
 37344 | Crypt:2  | Noticed a curse toe
 37346 | Crypt:2  | Killed a curse toe
 37376 | Crypt:2  | Identified the ring "Ezeinwa" {rN+ Dex+8}
 37400 | Crypt:2  | Found an ancient bone altar of Kikubaaqudgha.
 37468 | Crypt:2  | Found a basalt altar of Yredelemnul.
 37663 | Crypt:2  | Killed a profane servitor
 38401 | Elf:1    | Entered Level 1 of the Elven Halls
 38432 | Elf:1    | Reached skill level 15 in Fighting
 38532 | Elf:1    | Reached skill level 15 in Throwing
 38783 | Elf:1    | Found a shimmering blue altar of Sif Muna.
 39082 | Elf:1    | Identified the Tome of Conjuration and Summoning
 39242 | Elf:2    | Identified the ring "Diplium" {MP+9 Dex+4} (You acquired it
                  | on level 2 of the Elven Halls)
 39482 | Elf:2    | Found a runed gate.
 39483 | Elf:2    | Found a runed gate.
 39483 | Elf:2    | Found a runed gate.
 39534 | Elf:3    | Entered Level 3 of the Elven Halls
 39622 | Elf:3    | Found a magical portal.
 39655 | WizLab   | Entered Cigotuvi's Fleshworks
 39882 | WizLab   | Received a gift from the Shining One
 39912 | WizLab   | Identified Cigotuvi's Compendium of Unholy Changing
 39931 | WizLab   | Received a gift from the Shining One
 40378 | WizLab   | Found the -2 hat of the Alchemist {rElec rPois rF+ rC+ rN+
                  | MR+ rMut rCorr}
 41019 | Elf:3    | Reached XP level 21. HP: 170/182 MP: 31/31
 41030 | Elf:3    | Reached skill level 15 in Invocations
 41031 | Elf:3    | Received a gift from the Shining One
 41054 | Elf:3    | Received a gift from the Shining One
 41471 | Elf:3    | Received a gift from the Shining One
 41497 | Elf:3    | Identified Ozoup's Grimoire of the Birds and Transmutation
 41499 | Elf:3    | Identified the +1 flail of True Grit {speed, rF+ rN+}
 41518 | Elf:3    | Identified Dauc's Volume of Ice and the Compass
 42243 | Slime:1  | Entered Level 1 of the Pits of Slime
 43424 | Slime:2  | Received a gift from the Shining One
 43997 | Slime:3  | Received a gift from the Shining One
 44280 | Slime:3  | Reached skill level 15 in Evocations
 44297 | Slime:3  | Reached XP level 22. HP: 191/191 MP: 33/33
 44508 | Slime:3  | Received a gift from the Shining One
 45614 | Slime:4  | Reached skill level 17 in Shields
 46072 | Slime:5  | Entered Level 5 of the Pits of Slime
 46074 | Slime:5  | Received a gift from the Shining One
 46183 | Slime:5  | Noticed the Royal Jelly
 46183 | Slime:5  | Received a gift from the Shining One
 46683 | Slime:5  | Killed the Royal Jelly
 46813 | Slime:5  | Found the +7 mace of Variability {chain chaos}
 46819 | Slime:5  | Reached skill level 18 in Shields
 47022 | Slime:5  | Got a slimy rune of Zot
 47025 | Slime:5  | Identified the +3 flail "Vugoruown" {drain, rF- rN+ Int+3}
 47073 | Slime:5  | Identified the +4 buckler of the Salamander {rElec rPois
                  | Dex+4}
 47474 | Vaults:3 | Entered Level 3 of the Vaults
 47485 | Vaults:3 | Reached skill level 19 in Shields
 47494 | Vaults:3 | Received a gift from the Shining One
 47504 | Vaults:3 | Identified the ring of Kisijoem {+Fly MP+9}
 47525 | Vaults:3 | Noticed a golden dragon
 47528 | Vaults:3 | Killed a golden dragon
 47844 | Vaults:3 | Received a gift from the Shining One
 47856 | Vaults:3 | Reached XP level 23. HP: 149/199 MP: 34/34
 48019 | Vaults:3 | Reached skill level 20 in Shields
 48138 | Vaults:3 | Identified the Collected Works on Earth
 48143 | Vaults:3 | Identified the ring "Dilolich" {rPois rC+ Str-2 Dex+9}
 48209 | Vaults:3 | Identified the Compendium of Protection and the Blaze
 48282 | Vaults:3 | Identified the Catalogue of Harmful Clay
 48359 | Vaults:3 | Identified Sif Muna's Thorough Guide to Sorcery
 48362 | Vaults:3 | Got a silver rune of Zot
 48417 | Vaults:3 | Received a gift from the Shining One
 49090 | Depths:1 | Entered Level 1 of the Depths
 49188 | Depths:2 | Found a gateway to a ziggurat.
 49203 | Depths:2 | Received a gift from the Shining One
 49204 | Depths:2 | Reached skill level 21 in Shields
 49384 | Depths:3 | Found an opulent altar of Gozag.
 49387 | Depths:3 | Found a runed translucent gate.
 49423 | Depths:4 | Received a gift from the Shining One
 49521 | Depths:4 | Noticed Louise
 49526 | Depths:4 | Killed Louise
 49651 | Depths:4 | Found a gateway to Hell.
 49709 | Depths:5 | Entered Level 5 of the Depths
 49741 | Depths:5 | Received a gift from the Shining One
 49916 | Depths:5 | Found a gate to the Realm of Zot.
 50016 | Zot:1    | Entered Level 1 of the Realm of Zot
 50041 | Zot:1    | Reached skill level 22 in Shields
 50050 | Zot:1    | Received a gift from the Shining One
 50185 | Zot:5    | Entered Level 5 of the Realm of Zot
 50263 | Zot:5    | Noticed a Killer Klown
 50278 | Zot:5    | Killed a Killer Klown
 50279 | Zot:5    | Reached XP level 24. HP: 125/206 MP: 14/34
 50642 | Zot:5    | Noticed an ancient lich
 50654 | Zot:5    | Reached skill level 23 in Shields
 50814 | Zot:5    | Noticed a Killer Klown
 50831 | Zot:5    | Killed a Killer Klown
 50846 | Zot:5    | Killed an ancient lich
 51064 | Zot:5    | Noticed a golden dragon
 51069 | Zot:5    | Killed a golden dragon
 51073 | Zot:5    | Noticed an ancient lich
 51078 | Zot:5    | Killed an ancient lich
 51138 | Zot:5    | Noticed an ancient lich
 51140 | Zot:5    | Killed an ancient lich
 51195 | Zot:5    | Noticed an orb of fire
 51202 | Zot:5    | Killed an orb of fire
 51257 | Zot:5    | Reached skill level 24 in Shields
 51304 | Zot:5    | Noticed an ancient lich
 51311 | Zot:5    | Noticed an ancient lich
 51314 | Zot:5    | Noticed an orb of fire
 51325 | Zot:5    | Killed an ancient lich
 51329 | Zot:5    | Killed an ancient lich
 51332 | Zot:5    | Killed an orb of fire
 51361 | Zot:5    | Noticed an orb of fire
 51364 | Zot:5    | Killed an orb of fire
 51432 | Zot:5    | Got the Orb of Zot
 51433 | Zot:5    | Noticed Kerin the pandemonium lord
 51534 | Zot:5    | Killed Kerin the pandemonium lord
 51535 | Zot:5    | Reached XP level 25. HP: 140/213 MP: 34/34
 51660 | Depths:4 | Received a gift from the Shining One
 51661 | Depths:4 | Noticed Eblyprap the pandemonium lord
 52132 | D:$      | Escaped with the Orb!

Skill      XL: |  1  2  3  4  5  6  7  8  9 10 11 12 13 14 15 16 17 18 19 20 21 22 23 24 |
---------------+-------------------------------------------------------------------------+-----
Dodging        | 2 3 4 7 10 | 10.0
Throwing       | 4 5 6 7 8 10 12 13 14 16 18 | 18.4
Fighting       | 3 4 5 9 10 12 14 15 | 15.0
Maces & Flails | 3 6 9 10 | 10.0
Evocations     | 2 3 8 10 15 | 15.0
Shields        | 4 8 10 12 14 15 16 19 22 24 | 24.0
Invocations    | 5 9 10 11 14 15 | 15.0
Axes           | 1 7 8 11 13 15 17 | 17.1
Stealth        | |  1.0

Action                   |  1- 3 |  4- 6 |  7- 9 | 10-12 | 13-15 | 16-18 | 19-21 | 22-24 | 25-27 || total
-------------------------+-------+-------+-------+-------+-------+-------+-------+-------+-------++-------
Melee: Short sword       |   137 |     4 |       |       |       |       |       |       |       ||   141
       Tailslap          |    17 |    18 |    27 |   145 |   126 |   111 |    76 |    48 |     2 ||   570
       Dagger            |    73 |   110 |       |       |       |       |       |       |       ||   183
       Mace              |       |    17 |   212 |   569 |     6 |       |       |       |       ||   804
       Morningstar       |       |       |       |       |   309 |     1 |       |       |       ||   310
       Broad axe         |       |       |       |       |   503 |   634 |   399 |   241 |    14 ||  1791
 Fire: Hunting sling     |       |    15 |   149 |   157 |   342 |       |       |       |       ||   663
Throw: Javelin           |    22 |    44 |       |       |       |    18 |   233 |   555 |    16 ||   888
       Tomahawk          |       |    13 |    20 |    63 |   117 |   434 |   587 |    64 |       ||  1298
       Throwing net      |       |     2 |       |       |       |       |       |       |       ||     2
Invok: Divine Shield     |       |       |       |     6 |     8 |     7 |     3 |     4 |     1 ||    29
       Summon Divine War |       |       |       |       |     2 |       |       |     3 |       ||     5
       Brand Weapon With |       |       |       |       |     1 |       |       |       |       ||     1
       Cleansing Flame   |       |       |       |       |       |     2 |       |     2 |       ||     4
Evoke: Wand              |       |       |     3 |     2 |     4 |     1 |    16 |    10 |     1 ||    37
       Lamp of fire      |       |       |       |     1 |     3 |     1 |     2 |       |       ||     7
       Fan of gales      |       |       |       |       |       |       |       |     2 |       ||     2
  Use: Scroll            |     4 |     2 |     3 |     4 |    28 |     8 |     5 |    10 |       ||    64
       Potion            |       |       |       |       |     4 |     3 |     1 |    17 |    14 ||    39
 Stab: Sleeping          |     1 |       |       |       |       |       |       |       |       ||     1
  Eat: Chunk             |     9 |    11 |    18 |    33 |    65 |    35 |    11 |     6 |       ||   188
       Ration            |       |       |     1 |     4 |     3 |     5 |    13 |    13 |       ||    39
Armor: Skin              |    68 |    38 |   146 |   210 |   183 |   146 |    81 |    43 |     3 ||   918
Dodge: Dodged            |   117 |    90 |   173 |   148 |   168 |   118 |    65 |    36 |     1 ||   916
Block: Other             |     6 |    17 |    18 |       |       |       |       |       |       ||    41
       Reflection        |       |     1 |     4 |     7 |    48 |    90 |    50 |    29 |     3 ||   232
       Medium shield     |       |       |    23 |   397 |   114 |       |       |       |       ||   534
       Large shield      |       |       |       |       |   991 |   870 |   511 |   343 |    20 ||  2735
